 Dungeon Crawl Stone Soup version 0.26-a0-597-gb535b0901c (webtiles) character file.

Game seed: 7833731520935778190

17745 Eifo4Ohj9gu9Dob0ohLe the Cleaver (level 12, -17/159 HPs)
             Began as a Grey Draconian Berserker on Aug 27, 2020.
             Was an Elder of Trog.
             Demolished by a death yak (27 damage)
             ... on level 5 of the Lair of Beasts.
             The game lasted 00:47:49 (12433 turns).

Eifo4Ohj9gu9Dob0ohLe the Cleaver (DrBe)            Turns: 12433, Time: 00:47:49

Health: -17/159    AC: 15    Str: 25    XL:     12   Next: 21%
Magic:  12/12      EV: 14    Int:  8    God:    Trog [****..]
Gold:   600        SH: 15    Dex: 16    Spells: 11/11 levels left

rFire    . . .     SeeInvis .   A - +6 broad axe
rCold    . . .     Faith    .   z - +0 tower shield
rNeg     . . .     Spirit   .   (armour unavailable)
rPois    .         Reflect  .   (helmet restricted)
rElec    .         Harm     .   y - +0 cloak
rCorr    .                      t - +0 pair of gloves
MR       .....                  (no boots)
Stlth    ..........             (no amulet)
HPRegen  0.36/turn              n - +6 ring of dexterity
MPRegen  0.13/turn              B - ring of stealth

@: berserking (expiring), very quick
A: walk through water, unfitting armour, unbreathing, cold-blooded, AC +13
a: Berserk, Trog's Hand, Brothers in Arms, Renounce Religion


You were on level 5 of the Lair of Beasts.
You worshipped Trog.
Trog was greatly pleased with you.
You visited 2 branches of the dungeon, and saw 13 of its levels.

You collected 776 gold pieces.
You spent 176 gold pieces at shops.

Inventory:

Hand Weapons
 a - a +0 hand axe
 f - a +1 halberd
 o - a +1 war axe of freezing
 A - a +6 broad axe (weapon)
 D - a +0 antimagic battleaxe
Missiles
 i - 31 poisoned darts (quivered)
Armour
 t - a +0 pair of gloves (worn)
 y - a +0 cloak (worn)
 z - a +0 tower shield (worn)
Jewellery
 n - a +6 ring of dexterity (left hand)
 p - an uncursed ring of positive energy
 q - an uncursed amulet of magic regeneration
 v - an uncursed ring of see invisible
 B - a ring of stealth (right hand)
 C - an uncursed ring of see invisible
 I - an uncursed ring of magical power {unknown}
Wands
 r - a wand of random effects (39)
 w - a wand of disintegration (19)
 H - a wand of flame (23)
Scrolls
 b - 7 scrolls of teleportation
 d - 2 scrolls of identify
 e - 10 scrolls of remove curse
 h - a scroll of fog
 l - a scroll of amnesia
 u - 2 scrolls of magic mapping
 E - 2 scrolls of enchant armour
 G - a scroll of summoning {unknown}
Potions
 c - a potion of haste
 g - a potion of might
 j - a potion of lignification
 k - a potion of heal wounds
 m - a potion of mutation
 s - 2 potions of curing
 x - a potion of berserk rage {unknown}
 F - 2 potions of invisibility


   Skills:
 + Level 10.1 Fighting
 + Level 14.1 Axes
 + Level 0.4 Throwing
 + Level 8.1 Dodging
 + Level 6.2 Stealth
 + Level 4.1 Shields


You had 11 spell levels left.
You didn't know any spells.
Your spell library was empty.

Dungeon Overview and Level Annotations

Branches:
Dungeon (8/15)             Temple (0/1) D:7            Lair (5/6) D:8
  Swamp (0/4) Lair:2        Snake (0/4) Lair:2
  Slime: Lair:5-6

Altars:
Wu Jian

Shops:
D:4 (   D:6 (([!}

Annotations:
Lair:5 exclusion: oklob plant


Innate Abilities, Weirdness & Mutations

You can walk through water.
Your dull iron-grey scales are very hard. (AC +13)
You cannot fit into any form of body armour.
You can survive without breathing.
You are cold-blooded and may be slowed by cold attacks.


Message History

You slash the death yak! x2; You block the death yak's attack. x2
You slash the death yak! You tail-slap the death yak!
The death yak is heavily wounded.
You slice the death yak!!
You kill the death yak!
Trog accepts your kill.
Your Shields skill increases to level 4!
You hit the death yak. The death yak gores you!
* * * LOW HITPOINT WARNING * * *
You block the death yak's attack.
You slash the death yak!
The death yak is severely wounded.
You hit the death yak. The death yak gores you!
* * * LOW HITPOINT WARNING * * *
You are too berserk!
Unknown command.
You barely miss the death yak.
The death yak is severely wounded.
You barely miss the death yak. The death yak gores you!!
You die...

P....... #......
#..... #.... #...
#..# ###Y.###
#.Y@.#.# ....PP.
##....# ...#..
#....# #.....
###...# ##.....
#.#..##
######......
#...####.##P....##.
##..............P##
#.................
##..###.#.##P...#.


You could see 2 death yaks.

Vanquished Creatures
  Rupert (Lair:3)
  A hydra (Lair:5)
  A catoblepas (Lair:5)
  3 death yaks (Lair:5)
  A swamp dragon (Lair:2)
  A black mamba (Lair:2)
  2 cane toads
  A rime drake (Lair:3)
  A komodo dragon (Lair:3)
  A troll (D:7)
  3 hippogriffs
  7 blink frogs
  24 yaks
  A basilisk (Lair:1)
  A wyvern (Lair:2)
  3 wargs (D:8)
  3 water moccasins
  A porcupine (Lair:5)
  A black bear (D:7)
  2 phantoms
  Purgy (D:3)
  An orc warrior (D:6)
  2 ice beasts (D:8)
  3 sky beasts
  A necrophage (D:6)
  5 ogres
  5 wolves (Lair:1)
  A centaur (D:6)
  4 crocodiles
  4 bullfrogs
  A wyvern skeleton (D:8)
  A scorpion (D:5)
  7 wights
  A bullfrog zombie (D:5)
  7 orc priests
  3 hounds
  A jelly (D:7)
  9 orc wizards
  2 centaur skeletons
  3 iguanas
  Jessica (D:3)
  Natasha (thrice) (D:3)
  5 worker ants
  A howler monkey zombie (D:8)
  Robin (D:3)
  3 gnolls (D:2)
  2 howler monkey skeletons
  7 adders
  A shadow imp (D:8)
  3 white imps
  An ooze (D:4)
  An adder skeleton (D:7)
  3 worms
  4 leopard geckos
  27 orcs
  2 ball pythons
  2 giant cockroaches
  12 hobgoblins
  7 jackals
  3 kobolds
  3 quokkas
  5 bats
  5 frilled lizards
  9 goblins
  3 leopard gecko skeletons
  3 rats
238 creatures vanquished.

Vanquished Creatures (collateral kills)
  3 wights (D:6)
3 creatures vanquished.

Vanquished Creatures (others)
  An orc wizard (D:4)
  8 fungi
  18 plants
27 creatures vanquished.

Grand Total: 268 creatures vanquished

Notes
Turn   | Place    | Note
-------+----------+-------------------------------------------
     0 | D:1      | Eifo4Ohj9gu9Dob0ohLe the Draconian Berserker began the
                  | quest for the Orb.
     0 | D:1      | Reached XP level 1. HP: 19/19 MP: 1/1
   237 | D:1      | Reached XP level 2. HP: 21/26 MP: 2/2
   895 | D:2      | Reached ** piety under Trog
  1067 | D:2      | Reached XP level 3. HP: 28/31 MP: 3/3
  1738 | D:2      | Found an ornate altar of the Wu Jian Council.
  1838 | D:3      | Reached XP level 4. HP: 40/40 MP: 4/4
  1972 | D:3      | Noticed Jessica
  1980 | D:3      | Noticed Purgy
  1983 | D:3      | Killed Jessica
  1983 | D:3      | Reached skill level 4 in Axes
  1998 | D:3      | Killed Purgy
  1998 | D:3      | Reached skill level 1 in Stealth
  1998 | D:3      | Reached XP level 5. HP: 46/46 MP: 5/5
  2098 | D:3      | Noticed Natasha
  2110 | D:3      | Killed Natasha
  2175 | D:3      | Noticed Robin
  2194 | D:3      | Killed Robin
  2194 | D:3      | Reached XP level 6. HP: 53/53 MP: 6/6
  2318 | D:3      | Noticed Natasha
  2332 | D:3      | Killed Natasha
  2456 | D:3      | Noticed Natasha
  2578 | D:3      | Reached skill level 5 in Axes
  3025 | D:3      | Killed Natasha
  3025 | D:3      | Reached *** piety under Trog
  3240 | D:4      | Reached skill level 5 in Fighting
  3240 | D:4      | Your scales start taking on a dull iron-grey colour.
  3240 | D:4      | Reached XP level 7. HP: 61/61 MP: 7/7
  3240 | D:4      | Gained mutation: You can survive without breathing. [Grey
                  | Draconian growth]
  3518 | D:4      | Found Fucag's Weapon Shop.
  3560 | D:4      | Reached skill level 6 in Axes
  4143 | D:5      | Entered Level 5 of the Dungeon
  4279 | D:5      | Reached skill level 5 in Dodging
  4279 | D:5      | Reached XP level 8. HP: 69/69 MP: 8/8
  4453 | D:5      | Reached skill level 7 in Axes
  5582 | D:6      | Reached skill level 8 in Axes
  5588 | D:6      | Reached **** piety under Trog
  5939 | D:6      | Found Nemom's Weapon Emporium.
  6054 | D:6      | Found Zinoema's Distillery.
  6062 | D:6      | Bought a potion of lignification for 33 gold pieces
  6062 | D:6      | Bought a potion of heal wounds for 55 gold pieces
  6062 | D:6      | Bought a potion of mutation for 88 gold pieces
  6281 | D:6      | Found Luhomean's Gadget Shoppe.
  6303 | D:6      | Reached XP level 9. HP: 70/78 MP: 9/9
  6394 | D:6      | Found Goqusch's Antique Weapon Emporium.
  6400 | D:6      | Reached skill level 9 in Axes
  6585 | D:6      | Found Xuebod's Armour Shop.
  6752 | D:7      | Noticed a troll
  6760 | D:7      | Killed a troll
  6954 | D:7      | Reached skill level 10 in Axes
  7065 | D:7      | Found a staircase to the Ecumenical Temple.
  7724 | D:8      | Reached XP level 10. HP: 47/86 MP: 10/10
  7880 | D:8      | Found a staircase to the Lair.
  7890 | Lair:1   | Entered Level 1 of the Lair of Beasts
  7924 | Lair:1   | Reached skill level 11 in Axes
  8150 | Lair:1   | Reached ***** piety under Trog
  8150 | Lair:1   | Reached skill level 5 in Stealth
  8375 | Lair:1   | Received a gift from Trog
  8574 | Lair:2   | Noticed a swamp dragon
  8575 | Lair:2   | Found a staircase to the Swamp.
  8585 | Lair:2   | Killed a swamp dragon
  8585 | Lair:2   | Reached skill level 12 in Axes
  8585 | Lair:2   | Reached skill level 1 in Shields
  8935 | Lair:2   | Noticed a black mamba
  8944 | Lair:2   | Killed a black mamba
  9196 | Lair:2   | Found a staircase to the Snake Pit.
  9232 | Lair:2   | Reached XP level 11. HP: 90/95 MP: 11/11
 10282 | Lair:3   | Noticed Rupert
 10287 | Lair:3   | Paralysed by Rupert for 4 turns
 10301 | Lair:3   | Killed Rupert
 10301 | Lair:3   | Reached skill level 13 in Axes
 11993 | Lair:5   | Noticed a five-headed hydra
 12006 | Lair:5   | Killed a nine-headed hydra
 12013 | Lair:5   | Noticed a catoblepas
 12144 | Lair:5   | Killed a catoblepas
 12144 | Lair:5   | Reached XP level 12. HP: 73/106 MP: 12/12
 12413 | Lair:5   | Noticed a death yak
 12415 | Lair:5   | Noticed a death yak
 12415 | Lair:5   | Noticed a death yak
 12416 | Lair:5   | Noticed a death yak
 12416 | Lair:5   | Noticed a death yak
 12424 | Lair:5   | Killed a death yak
 12424 | Lair:5   | Reached skill level 10 in Fighting
 12426 | Lair:5   | Killed a death yak
 12426 | Lair:5   | Reached skill level 14 in Axes
 12431 | Lair:5   | Killed a death yak
 12433 | Lair:5   | Demolished by a death yak

Illustrated notes

Levels and vault maps discovered:
D:1:      minmay_arrival_plants_in_alcoves, layout_loops_ring
D:2:      layout_basic, lemuel_doored_altar, grunt_ministairs_6
D:3:      layout_loops_ring, minmay_cut_off, uniq_robin, uniq_jessica,
          uniq_natasha, uniq_purgy
D:4:      layout_loops_ring, serial_shops, shop, minmay_misc_feat_encased
D:5:      layout_rooms, serial_co_window_serial, co_window_cross_1,
          co_window_paths_a, co_window_of_opportunity_a, co_window_paths_b,
          co_window_of_opportunity_a, co_window_corner_a, co_window_paths_a,
          co_window_2corner, co_window_corner_b, co_window_of_opportunity_c,
          co_window_cross_2, co_window_sun, glass_columns_a, glass_columns_a,
          glass_columns_c
D:6:      layout_basic, serial_shops, shop, nicolae_shop_behind_doors, shop,
          nicolae_shop_waterfront, shop, chequers_serial_rivers_small_b
D:7:      black_bear_nest_2, layout_layer_cave, minmay_temple_entry_wispy,
          minivault_4
D:8:      layout_rooms, erik_lair_orcish_takeover, minmay_stone_trees_medium,
          uniq_psyche
Lair:1:   layout_cellular_growth
Lair:2:   layout_gridlike, minmay_swamp_entry_reptiles, dummy_snake_entry
Lair:3:   layout_layer_cave, infiniplex_staircase_pool_2, grunt_megastairs_1,
          uniq_rupert
Lair:4:   layout_cave_shapes
Lair:5:   layout_regular_city, minmay_slime_entry_eyes, roderic_batcave,
          grunt_megastairs_2

Skill      XL: |  1  2  3  4  5  6  7  8  9 10 11 12 |
---------------+-------------------------------------+-----
Dodging        | 3 4 5 6 7 8 |  8.1
Fighting       | 4 5 6 7 8 9 10 | 10.1
Axes           | 4 5 6 8 10 12 13 14 | 14.1
Stealth        | 1 2 3 4 5 6 |  6.2
Shields        | 1 3 4 |  4.1
Throwing       | |  0.4

Action                   |  1- 3 |  4- 6 |  7- 9 | 10-12 || total
-------------------------+-------+-------+-------+-------++-------
Melee: Hand axe          |   115 |   165 |    34 |       ||   314
       Tailslap          |    12 |    24 |    58 |    34 ||   128
       War axe           |       |       |   253 |    49 ||   302
       Broad axe         |       |       |       |   167 ||   167
Throw: Dart              |     4 |       |       |       ||     4
Invok: Berserk           |     1 |     5 |     5 |    10 ||    21
       Brothers in Arms  |       |       |     1 |       ||     1
  Use: Potion            |       |     4 |     2 |     1 ||     7
       Scroll            |       |     3 |    11 |     5 ||    19
 Stab: Sleeping          |     2 |       |     7 |     7 ||    16
       Invisible         |       |     4 |       |       ||     4
Armor: Skin              |    35 |    42 |    81 |    48 ||   206
Dodge: Dodged            |    89 |   139 |   189 |   105 ||   522
Block: Tower shield      |       |       |       |   105 ||   105

Table legend: (Time is in decaauts)
 A = Elapsed time spent in this place.
 B = Non-inter-level travel time spent in this place.
 C = Inter-level travel time spent in this place.
 D = Time resting spent in this place.
 E = Time spent auto-exploring this place.
 F = Levels seen in this place.
 G = Mean time per level.
                   A        B        C        D        E       F      G
               +--------+--------+--------+--------+--------+-----+--------+
         Total |  12645 |  12385 |    260 |   4770 |   2682 |  13 |  972.7 |
       Dungeon |   8003 |   7748 |    255 |   2643 |   1627 |   8 | 1000.4 |
          Lair |   4642 |   4637 |      5 |   2127 |   1055 |   5 |  928.4 |
               +--------+--------+--------+--------+--------+-----+--------+

Top non-repeatable levels by time:
  Lair:3: 1802 daAuts
     D:6: 1353 daAuts
     D:3: 1346 daAuts
     D:5: 1239 daAuts
     D:4: 997 daAuts
     D:2: 970 daAuts
     D:1: 894 daAuts
  Lair:4: 797 daAuts
  Lair:2: 791 daAuts
  Lair:1: 662 daAuts
     D:8: 639 daAuts
  Lair:5: 587 daAuts
     D:7: 561 daAuts
